 Dungeon Crawl Stone Soup version 0.31.0-1-g2c135a0 (webtiles) character file.

Game seed: 14444866268759623836

843 jagoly the Shooter (level 7, -1/58 HPs)
             Began as a Demigod Hunter on Feb 4, 2024.
             Slain by a centaur
             ... wielding a +0 trident
              (7 damage)
             ... on level 6 of the Dungeon.
             The game lasted 00:17:04 (3440 turns).

jagoly the Shooter (Demigod Hunter)                 Turns: 3440, Time: 00:17:05

Health: -1/58      AC:  3    Str: 12    XL:     7   Next: 40%
Magic:  9/9        EV: 14    Int: 11    God:
Gold:   257        SH:  0    Dex: 25    Spells: 6/6 levels left

rFire   . . .        a - +0 orcbow
rCold   . . .        (shield currently unavailable)
rNeg    . . .        c - +0 leather armour
rPois   .            (no helmet)
rElec   .            (no cloak)
rCorr   .            (no gloves)
SInv    .            (no boots)
Will    .....        p - amulet of regeneration
Stlth   +++          d - ring of flight
HPRegen 1.09/turn    (no ring)
MPRegen 0.11/turn

%: no passive effects
@: flying
A: high MP 1, forlorn, divine attributes
a: no special abilities


You were on level 6 of the Dungeon.
You visited 1 branch of the dungeon, and saw 6 of its levels.

You collected 257 gold pieces.

Inventory:

Hand Weapons
 a - a +0 orcbow (weapon)
 i - a +0 short sword of flaming
 w - a +0 scimitar
Missiles
 k - 14 poisoned darts
Armour
 c - a +0 leather armour (worn)
 f - a +0 ring mail
 u - the +0 ring mail "Juatouh" {+Blink rPois rN++ Str-3}
   (You found it on level 2 of the Dungeon)

   Str-3:     It affects your strength (-3).
   rPois:     It protects you from poison rN++: It greatly protects you from
   negative energy.
   +Blink:    It lets you blink.
Jewellery
 d - a ring of flight (left hand)
 m - an amulet of reflection
 p - an amulet of regeneration (around neck)
Scrolls
 b - a scroll of butterflies
 h - 8 scrolls of identify {unknown}
 j - a scroll of blinking {unknown}
 n - 2 scrolls of vulnerability {unknown}
 q - 2 scrolls of fear {unknown}
 r - 5 scrolls of amnesia {unknown}
 v - 2 scrolls of noise {unknown}
 x - a scroll of brand weapon {unknown}
 y - a scroll of poison {unknown}
 C - a scroll of enchant weapon {unknown}
Potions
 e - a potion of magic {unknown}
 l - a potion of haste {unknown}
 o - a potion of invisibility {unknown}
 s - a potion of attraction {unknown}
 t - a potion of heal wounds {unknown}
 z - a potion of enlightenment {unknown}
 A - a potion of might {unknown}
 B - a potion of berserk rage {unknown}


   Skills:
 + Level 3.8 Fighting
 * Level 6.2 Ranged Weapons
 + Level 3.9 Dodging
 + Level 3.7 Stealth


You had 6 spell levels left.
You didn't know any spells.
Your spell library contained the following spells:

 Spells                   Type           Power      Damage    Failure   Level
 Magic Dart               Conj           0%         1d3       41%         1
 Sting                    Conj/Alch      0%         1d3       41%         1
 Blink                    Tloc           0%         N/A       56%         2
 Lesser Beckoning         Tloc           0%         N/A       56%         2
 Mercury Vapours          Alch/Air       0%         N/A       56%         2
 Momentum Strike          Conj/Tloc      0%         3d8       56%         2
 Searing Ray              Conj           0%         2d4       56%         2
 Fulminant Prism          Conj/Alch      0%         3d5       99%         4
 Olgreb's Toxic Radiance  Alch           0%         N/A       99%         4


Dungeon Overview and Level Annotations

Branches:
Dungeon (6/15) Zot: 26991
 Temple: D:4-7

Annotations:
D:2 1 runed translucent door, exclusion: gnoll, Crazy Yiuf
D:4 exclusion: door
D:5 exclusion: ice beast


Innate Abilities, Weirdness & Mutations

You have an increased reservoir of magic. (+10% MP)
You shall have no god before yourself.
Your divine heritage dramatically boosts your attributes as you level up.


Message History

You kill the orc!
You feel sick.
Fire: a) +0 shortbow
Press: ? - help, Q - select action, (/) - cycle Shift-Dir - straight line, f - kobold
Aim: a kobold, wielding a +0 short sword and quivering poisoned darts (61% to hit)
You shoot an arrow. The arrow hits the kobold.
You kill the kobold!
You feel sick.
You feel sick.
You now have 218 gold pieces (gained 39).
k - 15 poisoned darts (gained 3)
Things that are here:
a +0 short sword; a +0 club You feel sick.
You feel sick.
You feel sick.
You are no longer poisoned.
Things that are here:
a +3 whip; 2 stones; a kobold corpse
h - 8 scrolls labelled BAWKUHU UDAERE (gained 2)
A kobold comes into view. It is wielding a +0 club.
A dart slug comes into view.
Fire: a) +0 shortbow
Press: ? - help, Q - select action, (/) - cycle Shift-Dir - straight line, f - kobold
Aim: a kobold, wielding a +0 club (wandering, hasn't noticed you, 61% to hit)
You shoot an arrow. The kobold shouts!
The arrow hits the dart slug!
You kill the dart slug!
Your Stealth skill increases to level 3!
Fire: a) +0 shortbow
Press: ? - help, Q - select action, (/) - cycle Shift-Dir - straight line, f/p - kobold
Aim: a kobold, wielding a +0 club (61% to hit)
You shoot an arrow. The arrow hits the kobold.
You kill the kobold!
Things that are here:
a +0 club; a kobold corpse; a dart slug corpse A howler monkey comes into view.
You shoot an arrow. The howler monkey howls!
The arrow hits the howler monkey.
The howler monkey is lightly wounded.
You hear a bellow!
You hear a shout!
You hear an angry hiss.
You shoot an arrow. The arrow hits the howler monkey!
The howler monkey is heavily wounded.
You shoot an arrow. The arrow hits the howler monkey.
The howler monkey is heavily wounded.
The howler monkey hoots and howls with incredible vigour!
You hear a shout! x4
You shoot an arrow.
The arrow closely misses the howler monkey.
You shoot an arrow. The arrow hits the howler monkey.
The howler monkey is severely wounded.
The howler monkey closely misses you.
The howler monkey hits you but does no damage.
You shoot an arrow. The arrow hits the howler monkey!
You kill the howler monkey!
No target in view!
r - 5 scrolls labelled UTARU ROUFYE (gained 1)
A kobold comes into view. It is wielding a +0 club.
A kobold is nearby!
You shoot an arrow. The arrow closely misses the kobold.
The kobold shouts!
You shoot an arrow. The arrow hits the kobold.
You kill the kobold!
No target in view!
No target in view!
A ball python, a yak, a bombardier beetle, an orc and a gnoll bouda come into view.
Found a stone staircase leading down.
Things that are here:
a +0 club; a stone; a kobold corpse
Things that are here:
a +0 club; a kobold corpse; a dart slug corpse
Things that are here:
a +3 whip; 2 stones; a kobold corpse
Things that are here:
a +0 short sword; a +0 club You shoot an arrow.
The arrow hits the orc.
The orc is heavily wounded.
You shoot an arrow. The arrow hits the orc.
You kill the orc!
A quokka comes into view.
The quokka moves out of view.
You now have 253 gold pieces (gained 35).
Items here: ))) †.
You shoot an arrow. The arrow hits the kobold!
You kill the kobold!
No target in view!
Things that are here:
a +0 club; a goblin corpse You see here an adder corpse.
There is an open door here.
There is a stone staircase leading down here.
You fly downwards.
Found a stone staircase leading down and a stone staircase leading up.
There is a stone staircase leading up here.
There is a stone staircase leading down here.
A shadow imp comes into view.
You shoot an arrow. The arrow hits the shadow imp!
The shadow imp shouts!
The shadow imp is almost dead.
You shoot an arrow. The arrow hits the shadow imp.
You kill the shadow imp!
An ice beast comes into view.
Okay, then.
Press: ? - help, v - describe, . - travel
Here: an ice beast (asleep)
The floor.
Placed new exclusion.
An adder comes into view.
You shoot an arrow. The arrow hits the adder!
The adder hisses angrily.
The adder is almost dead.
You shoot an arrow. The arrow barely misses the adder.
A jelly comes into view.
You shoot an arrow. The arrow barely misses the adder.
The adder closely misses you. The adder attacks as it pursues you!
The adder bites you but does no damage. The adder bites you but does no damage.
You shoot an arrow. The arrow hits the adder.
You kill the adder!
You shoot an arrow. The arrow barely misses the jelly.
The jelly completely misses you.
You shoot an arrow. The arrow hits the jelly!
The jelly is almost dead.
The jelly barely misses you.
You shoot an arrow.
The arrow hits the jelly but does no damage.
The jelly is almost dead.
The jelly barely misses you.
You shoot an arrow. The arrow hits the jelly.
You kill the jelly!
You see here an adder corpse.
Found a stone staircase leading up.
Found an orcbow.
Found a stone staircase leading down.
Key pressed, stopping explore.
Unknown command.
An iguana comes into view.
You shoot an arrow.
The arrow hits the iguana but does no damage.
You shoot an arrow. The arrow closely misses the iguana.
You shoot an arrow. The arrow hits the iguana.
The iguana is moderately wounded.
You shoot an arrow. The arrow hits the iguana.
The iguana is moderately wounded.
You shoot an arrow.
The arrow hits the iguana but does no damage.
The iguana is moderately wounded.
You shoot an arrow. The arrow hits the iguana.
The iguana is heavily wounded.
The iguana bites you but does no damage.
You shoot an arrow. The arrow hits the iguana.
The iguana is heavily wounded.
The iguana bites you!
You shoot an arrow. The arrow barely misses the iguana.
The iguana bites you but does no damage.
You shoot an arrow. The arrow hits the iguana!
The iguana is almost dead.
The iguana closely misses you.
You shoot an arrow. The arrow hits the iguana.
You kill the iguana!
Press: ? - help, v - describe, . - travel, g - get item Item here: an orcbow.
The floor.
You see here a +0 orcbow.
You are now empty-handed.
You drop a +0 shortbow.
a - a +0 orcbow (weapon)
HP restored.
An orc comes into view. It is wielding a +0 hand axe.
You shoot an arrow. The arrow hits the orc!
You kill the orc!
An iguana comes into view.
You shoot an arrow. The iguana hisses angrily.
The arrow hits the iguana but does no damage.
You shoot an arrow. The arrow closely misses the iguana.
You shoot an arrow. The arrow closely misses the iguana.
You shoot an arrow. The arrow hits the iguana!
The iguana is severely wounded.
You shoot an arrow. The arrow barely misses the iguana.
You shoot an arrow. The arrow barely misses the iguana.
The iguana barely misses you. The iguana bites you!
You shoot an arrow. The arrow completely misses the iguana.
The iguana closely misses you.
You shoot an arrow.
The arrow hits the iguana but does no damage.
The iguana is severely wounded.
The iguana barely misses you.
Fire: a) +0 orcbow
Press: ? - help, Q - select action, (/) - cycle Shift-Dir - straight line, f/p - iguana
Aim: an iguana (severely wounded, 65% to hit)
You shoot an arrow. The arrow closely misses the iguana.
The iguana hisses menacingly.
The iguana bites you.
Fire: a) +0 orcbow
Press: ? - help, Q - select action, (/) - cycle Shift-Dir - straight line, f/p - iguana
Aim: an iguana (severely wounded, 65% to hit)
You shoot an arrow. The arrow hits the iguana!
You kill the iguana!
g - 3 fizzy ruby potions (gained 1)
q - 2 scrolls labelled LUSTRY HUUL (gained 1)
A centaur and an adder come into view.
Found a leather armour and a scroll labelled EHUPNY NEGOGOI.
Fire: a) +0 orcbow
Press: ? - help, Q - select action, (/) - cycle Shift-Dir - straight line, f - centaur
Aim: a centaur (asleep, 98% to hit)
Okay, then.
Unknown command.
Fire: a) +0 orcbow
Press: ? - help, Q - select action, (/) - cycle Shift-Dir - straight line, f - adder
Aim: an adder (asleep, 98% to hit)
You shoot an arrow. The arrow hits the adder.
The adder hisses angrily.
The adder is moderately wounded.
Fire: a) +0 orcbow
Press: ? - help, Q - select action, (/) - cycle Shift-Dir - straight line, f - centaur, p - adder
Aim: a centaur (wandering, hasn't noticed you, 72% to hit)
You shoot an arrow. The centaur shouts!
The arrow hits the adder!
You kill the adder!
The centaur wields a +0 orcbow.
The centaur shoots an arrow.
The arrow barely misses you.
The centaur shoots an arrow.
The arrow hits you.
The centaur shoots an arrow.
The arrow completely misses you.
The centaur shoots an arrow.
The arrow closely misses you.
Fire: a) +0 orcbow
Press: ? - help, Shift-Dir - straight line, f/p - centaur
Aim: a centaur, wielding a +0 orcbow (72% to hit)
Fire: a) +0 orcbow
Press: ? - help, Q - select action, (/) - cycle Shift-Dir - straight line, f/p - centaur
Aim: a centaur, wielding a +0 orcbow (72% to hit)
You shoot an arrow. The arrow hits the centaur!
The centaur is heavily wounded.
The centaur unwields a +0 orcbow.
The centaur barely misses you.
The centaur kicks you but does no damage.
The centaur misses you.
The centaur kicks you but does no damage.
Fire: a) +0 orcbow
Press: ? - help, Q - select action, (/) - cycle Shift-Dir - straight line, f/p - centaur
Aim: a centaur (heavily wounded, 72% to hit)
You shoot an arrow. The arrow hits the centaur!
The centaur is almost dead.
The centaur hits you but does no damage.
The centaur closely misses you. The centaur hits you.
The centaur kicks you but does no damage.
Fire: a) +0 orcbow
Press: ? - help, Q - select action, (/) - cycle Shift-Dir - straight line, f/p - centaur
Aim: a centaur (almost dead, 72% to hit)
You shoot an arrow. The arrow hits the centaur!
You kill the centaur!
You have reached level 7!
Press: ? - help, v - describe, . - travel, g - get item Item here: a +0 orcbow.
The floor.
Found 4 gold pieces.
Found a scroll labelled BYNLEO ZU UBO.
B - a glowing puce potion
y - a scroll labelled EHUPNY NEGOGOI You now have 257 gold pieces (gained 4).
C - a scroll labelled BYNLEO ZU UBO A water moccasin comes into view.
Press: ? - help, v - describe, . - travel
Here: a water moccasin (asleep)
The floor.
You are flying.
Your flying speed is average.
Your attack delay is about 1.2.
Your damage rating with your +0 orcbow is about 17 (Base 11 x 137% (Dex) x 117% (Skill)).
Unknown command.
Press: ? - help, v - describe, . - travel
Here: a water moccasin (asleep)
The floor.
Unknown command.
You aren't carrying any items that you can evoke.
You shoot an arrow. The arrow hits the water moccasin!
The water moccasin hisses angrily.
The water moccasin is heavily wounded.
You shoot an arrow. The arrow misses the water moccasin.
You shoot an arrow.
The arrow hits the water moccasin but does no damage.
The water moccasin is heavily wounded.
You shoot an arrow. The arrow hits the water moccasin.
The water moccasin is severely wounded.
The water moccasin misses you.
You shoot an arrow. The arrow hits the water moccasin.
The water moccasin is almost dead.
The water moccasin bites you. The water moccasin misses you.
You shoot an arrow. The arrow misses the water moccasin.
The water moccasin closely misses you. The water moccasin barely misses you.
You shoot an arrow.
The arrow barely misses the water moccasin.
The water moccasin bites you.
You are poisoned.
The water moccasin poisons you!
You shoot an arrow.
The arrow closely misses the water moccasin.
You feel very sick. The water moccasin misses you.
The water moccasin bites you!
You are more poisoned.
The water moccasin poisons you!
You shoot an arrow.
The arrow hits the water moccasin but does no damage.
The water moccasin is severely wounded.
You feel very sick. The water moccasin misses you.
The water moccasin barely misses you.
You shoot an arrow. The arrow misses the water moccasin.
You feel very sick. The water moccasin closely misses you.
The water moccasin barely misses you.
You shoot an arrow. The arrow hits the water moccasin.
The water moccasin is almost dead.
You feel very sick.
The water moccasin barely misses you. x2
You shoot an arrow.
The arrow hits the water moccasin but does no damage.
The water moccasin is almost dead.
You feel sick. The water moccasin misses you.
You shoot an arrow.
The arrow hits the water moccasin but does no damage.
The water moccasin is almost dead.
You feel sick. The water moccasin barely misses you.
The water moccasin misses you.
Fire: a) +0 orcbow
Press: ? - help, Q - select action, (/) - cycle Shift-Dir - straight line, f/p - water moccasin
Aim: a water moccasin (almost dead, 44% to hit)
You shoot an arrow. The arrow misses the water moccasin.
You feel sick. The water moccasin bites you!
You are more poisoned.
The water moccasin poisons you! The water moccasin closely misses you.
Fire: a) +0 orcbow
Press: ? - help, Q - select action, (/) - cycle Shift-Dir - straight line, f/p - water moccasin
Aim: a water moccasin (almost dead, 44% to hit)
You shoot an arrow. The arrow hits the water moccasin.
You kill the water moccasin!
You feel very sick.
Your Ranged Weapons skill increases to level 6!
You feel very sick.
You feel very sick.
You feel sick.
You feel sick.
You feel sick.
You feel sick.
You feel sick.
You feel sick.
You feel sick.
You feel sick.
You are no longer poisoned.
HP restored.
You see here a water moccasin corpse.
Found 8 stones.
Found a leather armour.
A phantom comes into view.
You shoot an arrow. The arrow hits the phantom.
The phantom is lightly damaged.
You shoot an arrow.
The arrow hits the phantom but does no damage.
The phantom is lightly damaged.
You shoot an arrow. The arrow closely misses the phantom.
You shoot an arrow. The arrow hits the phantom.
The phantom is moderately damaged.
The phantom misses you.
You shoot an arrow. The arrow hits the phantom!
The phantom is severely damaged.
The phantom closely misses you.
You shoot an arrow. The arrow hits the phantom.
The phantom is almost destroyed.
The phantom barely misses you.
You shoot an arrow. The arrow hits the phantom!
You destroy the phantom!
There is a stone staircase leading down here.
You see here an adder skeleton.
There is a stone staircase leading up here.
There is a stone staircase leading down here.
An orc priest comes into view. It is wielding a +0 mace.
You shoot an arrow. The arrow hits the orc priest.
The orc priest shouts!
The orc priest is lightly wounded.
An orc comes into view. It is wielding a +0 club.
An orc wizard comes into view. It is wielding a +0 dagger.
The orc moves out of view.
The orc wizard moves out of view.
You shoot an arrow. The arrow hits the orc priest!
The orc priest is severely wounded.
An orc comes into view. It is wielding a +0 dagger of draining.
An orc comes into view. It is wielding a +0 short sword.
The orc priest calls down the wrath of Beogh upon you.
Beogh smites you!
You shoot an arrow. The orc shouts!
The arrow hits the orc priest!
You kill the orc priest!
You hear a shout!
You shoot an arrow. The arrow hits the orc.
You kill the orc!
You shoot an arrow. The arrow hits the orc!
You kill the orc!
You shoot an arrow. The arrow closely misses the orc.
You shoot an arrow. The arrow hits the orc.
The orc is moderately wounded.
You shoot an arrow. The arrow hits the orc!
You kill the orc!
An orc wizard is nearby!
You shoot an arrow.
The arrow closely misses the orc wizard.
The orc wizard shouts!
You hear a shout!
A centaur comes into view. It is wielding a +0 trident.
The centaur unwields a +0 trident.
The centaur wields a +0 orcbow.
The centaur shoots an arrow.
The arrow barely misses you.
The centaur unwields a +0 orcbow.
The centaur wields a +0 trident.
The centaur misses you.
The centaur kicks you but does no damage.
There is a stone staircase leading down here.
Fire: a) +0 orcbow
Press: ? - help, Q - select action, (/) - cycle Shift-Dir - straight line, f/p - orc wizard
Aim: an orc wizard, wielding a +0 dagger and wearing a +0 robe (56% to hit)
You shoot an arrow. The arrow hits the orc wizard!
The orc wizard is heavily wounded.
The centaur hits you with a +0 trident.
The centaur kicks you but does no damage.
The orc wizard casts a spell.
The orc wizard flickers and vanishes!
Deactivating autopickup; reactivate with Ctrl-A.
The centaur misses you. The centaur closely misses you.
Fire: a) +0 orcbow
Press: ? - help, Q - select action, (/) - cycle Shift-Dir - straight line, f - centaur
Aim: a centaur, wielding a +0 trident (73% to hit)
You shoot an arrow. The arrow hits the centaur.
The centaur is lightly wounded.
The centaur closely misses you. x3; The centaur misses you.
Fire: a) +0 orcbow
Press: ? - help, Q - select action, (/) - cycle Shift-Dir - straight line, f/p - centaur
Aim: a centaur, wielding a +0 trident (lightly wounded, 73% to hit)
You shoot an arrow. The arrow closely misses the centaur.
The centaur closely misses you.
The centaur kicks you but does no damage.
The centaur hits you with a +0 trident!
The centaur kicks you but does no damage.
Fire: a) +0 orcbow
Press: ? - help, Q - select action, (/) - cycle Shift-Dir - straight line, f/p - centaur
Aim: a centaur, wielding a +0 trident (lightly wounded, 73% to hit)
You shoot an arrow. The arrow barely misses the centaur.
The centaur hits you with a +0 trident. The centaur kicks you.
The centaur hits you with a +0 trident!
The centaur kicks you but does no damage.
The centaur hits you with a +0 trident. The centaur barely misses you.
You fly downwards.
Reactivating autopickup.
Found 14 gold pieces.
There is a stone staircase leading up here.
Fire: a) +0 orcbow
Press: ? - help, Q - select action, (/) - cycle Shift-Dir - straight line, f - centaur
Aim: a centaur, wielding a +0 trident (lightly wounded, 73% to hit)
You shoot an arrow. The arrow hits the centaur!
The centaur is heavily wounded.
The centaur hits you with a +0 trident!
* * * LOW HITPOINT WARNING * * *
The centaur kicks you.
* * * LOW HITPOINT WARNING * * *
The centaur misses you. x2
Fire: a) +0 orcbow
Press: ? - help, Q - select action, (/) - cycle Shift-Dir - straight line, f/p - centaur
Aim: a centaur, wielding a +0 trident (heavily wounded, 73% to hit)
You shoot an arrow. The arrow barely misses the centaur.
The centaur hits you with a +0 trident!
* * * LOW HITPOINT WARNING * * *
The centaur kicks you but does no damage.
The centaur misses you. The centaur completely misses you.
It was a potion of curing.
You feel better. The centaur hits you with a +0 trident!
* * * LOW HITPOINT WARNING * * *
The centaur kicks you but does no damage.
The centaur hits you with a +0 trident.
* * * LOW HITPOINT WARNING * * *
The centaur barely misses you.
You aren't carrying any items that you can evoke.
You feel better. The centaur hits you with a +0 trident!
* * * LOW HITPOINT WARNING * * *
The centaur closely misses you.
You feel better. The centaur completely misses you. The centaur kicks you.
* * * LOW HITPOINT WARNING * * *
The centaur hits you with a +0 trident.
* * * LOW HITPOINT WARNING * * *
The centaur barely misses you.
Throw: 15 darts (poison)
Press: ? - help, Shift-Dir - straight line, f/p - centaur
Aim: a centaur, wielding a +0 trident (heavily wounded, 73% to hit)
You throw a poisoned dart. The poisoned dart hits the centaur.
The centaur is poisoned.
The centaur is heavily wounded.
The centaur hits you with a +0 trident!
* * * LOW HITPOINT WARNING * * *
The centaur misses you.
Press: ? - help, v - describe, . - travel, g - get item
Here: a centaur, wielding a +0 trident (severely wounded, poisoned) Item here: a poisoned dart.
The floor, spattered with blood.
Fire: a) +0 orcbow
Press: ? - help, Q - select action, (/) - cycle Shift-Dir - straight line, f/p - centaur
Aim: a centaur, wielding a +0 trident (severely wounded, poisoned, 73% to hit)
You shoot an arrow.
The arrow hits the centaur but does no damage.
The centaur is severely wounded.
The centaur hits you with a +0 trident!
You die...

### #######.###
.......@..#
...$...c.......
.##..#....#####
#. ##.#... #
###.... ......
####+


You could see a centaur (poisoned).

Vanquished Creatures
  A water moccasin (D:5)
  A centaur (D:5)
  A phantom (D:5)
  2 howler monkeys (D:4)
  3 jellies
  2 hounds (D:4)
  2 orc priests
  A bombardier beetle (D:4)
  2 iguanas (D:5)
  Jessica (D:2)
  Terence (D:2)
  6 adders
  A shadow imp (D:5)
  A white imp (D:4)
  2 ribbon worms
  2 dart slugs
  9 orcs
  6 endoplasms
  4 giant cockroaches
  5 goblins
  13 hobgoblins
  4 quokkas
  6 ball pythons
  2 bats (D:1)
  3 frilled lizards
  12 kobolds
  6 rats
99 creatures vanquished.

Notes
Turn   | Place    | Note
-------+----------+-------------------------------------------
     0 | D:1      | jagoly the Demigod Hunter began the quest for the Orb.
     0 | D:1      | Reached XP level 1. HP: 17/17 MP: 3/3
   185 | D:1      | Reached skill level 1 in Stealth
   254 | D:1      | Reached XP level 2. HP: 21/24 MP: 4/4
   688 | D:1      | Reached skill level 4 in Ranged Weapons
   779 | D:1      | Reached XP level 3. HP: 19/29 MP: 5/5
   991 | D:2      | Identified the +0 ring mail "Juatouh" {+Blink rPois rN++
                  | Str-3}
  1062 | D:2      | Noticed Jessica
  1064 | D:2      | Killed Jessica
  1080 | D:2      | Reached XP level 4. HP: 37/37 MP: 6/6
  1091 | D:2      | Noticed Terence
  1103 | D:2      | Killed Terence
  1356 | D:2      | Found a runed translucent door.
  1357 | D:2      | Noticed Crazy Yiuf
  2248 | D:4      | Reached XP level 5. HP: 42/42 MP: 7/7
  2616 | D:4      | Reached skill level 5 in Ranged Weapons
  2752 | D:4      | Reached XP level 6. HP: 48/51 MP: 8/8
  2897 | D:4      | Noticed a yak
  2954 | D:5      | Entered Level 5 of the Dungeon
  3133 | D:5      | Reached XP level 7. HP: 55/57 MP: 9/9
  3172 | D:5      | Reached skill level 6 in Ranged Weapons
  3440 | D:6      | Slain by a centaur

Illustrated notes

Levels and vault maps discovered:
D:1:      dpeg_arrival_renting, layout_loops_ring, kennysheep_small_spiral,
          corner_web_ring
D:2:      layout_rooms, basic_ecumenical_altar, guppyfry_early_lair_pool,
          uniq_terence, uniq_crazy_yiuf_cottage, uniq_jessica
D:3:      layout_basic
D:4:      layout_gridville, grunt_ministairs_3, serial_bayou_pond_c,
          nzn_random_ring
D:5:      kennysheep_spiral_hall, layout_basic, amcnicky_mini_pool_medium
D:6:      layout_loops_ring, mainiacjoe_overflow_boulevard,
          minmay_temple_entry_oklob, serial_aquarium,
          aquarium_bridge_long_separate [aquarium_subvault_wall,
          aquarium_subvault_bridge, aquarium_subvault_wall,
          aquarium_subvault_wall, aquarium_subvault_wall,
          aquarium_subvault_bridge], aquarium_bridge_square
          [aquarium_subvault_bridge, aquarium_subvault_bridge,
          aquarium_subvault_balcony, aquarium_subvault_balcony],
          aquarium_window_3, aquarium_window_1, aquarium_view_4,
          aquarium_view_2g, aquarium_pool_side, uniq_jeremiah, uniq_pikel

Skill      XL: |  1  2  3  4  5  6  7 |
---------------+----------------------+-----
Stealth        | 1 2 3 |  3.7
Fighting       | 2 3 |  3.8
Dodging        | 2 3 |  3.9
Ranged Weapons | 4 5 6 |  6.2

Action                     |  1- 3 |  4- 6 |  7- 9 || total
---------------------------+-------+-------+-------++-------
   Fire: Shortbow          |    95 |   166 |       ||   261
         Orcbow            |       |    16 |    38 ||    54
  Throw: Dart              |       |     5 |     1 ||     6
    Use: Potion            |       |       |     3 ||     3
 Armour: Leather armour    |    22 |    39 |    27 ||    88
  Dodge: Dodged            |    26 |    47 |    37 ||   110
  Block: Other             |     4 |       |       ||     4
